 Dungeon Crawl Stone Soup version 0.20.1-1-g8b1a95d (webtiles) character file.

42023 witty the Eclecticist (level 13, -9/75 HPs)
             Began as a Deep Elf Conjurer on July 21, 2017.
             Was a High Priest of Vehumet.
             Shot with a bolt by an orc warrior (23 damage)
             ... on level 2 of the Orcish Mines on July 30, 2017.
             The game lasted 01:40:05 (26650 turns).

witty the Eclecticist (Deep Elf Conjurer)          Turns: 26650, Time: 01:40:08

Health: -9/75      AC:  9    Str:  9 (10) XL:     13   Next: 83%
Magic:  1/36       EV: 18    Int: 24      God:    Vehumet [*****.]
Gold:   1272       SH:  7    Dex: 15      Spells: 3/46 levels left

rFire    . . .     SeeInvis .   V - +8 trident of the Octopus King {venom, rElec rPois MR+}
rCold    + . .     Gourm    .   G - +2 buckler
rNeg     . . .     Faith    .   H - +0 leather armour {rF+}
rPois    +         Spirit   .   p - +2 hat
rElec    +         Reflect  .   (no cloak)
rCorr    .         Harm     .   d - +0 pair of gloves {Str+3}
MR       ++...                  v - +0 pair of boots
Stlth    ++........             a - amulet of regeneration
Regen    0.7/turn               T - ring of ice
MPRegen  0.3/turn               R - +2 ring of protection

@: no status effects
A: no striking features
a: Renounce Religion


You were on level 2 of the Orcish Mines.
You worshipped Vehumet.
Vehumet was extremely pleased with you.
You were not hungry.

You visited 4 branches of the dungeon, and saw 18 of its levels.
You also visited: Bailey and Ice Cave.

You collected 1272 gold pieces.

Inventory:

Hand Weapons
 F - a +0 blowgun
 I - the +6 rapier "Embalmer" {freeze, rElec Dex+3}
   (You found it in an ice cave)

   It has been specially enchanted to freeze those struck by it, causing extra
   injury to most foes and up to half again as much damage against particularly
   susceptible opponents.
   It can also slow down cold-blooded creatures.
   It affects your dexterity (+3).
   It insulates you from electricity.
 V - the +8 trident of the Octopus King (weapon) {venom, rElec rPois MR+}
   (You took it off a goblin in a bailey)

   It poisons the flesh of those it strikes.
   It insulates you from electricity.
   It protects you from poison.
   It affects your resistance to hostile enchantments.
Armour
 d - a +0 pair of gloves of strength (worn)
 m - a +3 leather armour
 p - a +2 hat (worn)
 r - the +1 ring mail of Isudghem {rC- MR+++ Str+3 SInv}
   (You found it in an ice cave)

   It affects your strength (+3).
   It makes you vulnerable to cold.
   It affects your resistance to hostile enchantments.
   It lets you see invisible.
 v - a +0 pair of boots (worn)
 G - a +2 buckler (worn)
 H - a +0 leather armour of fire resistance (worn)
Jewellery
 a - an amulet of regeneration (around neck)
 D - an uncursed ring of see invisible
 P - an uncursed ring of stealth
 R - a +2 ring of protection (right hand)
 T - a ring of ice (left hand)
Wands
 j - a wand of flame (18/48)
 N - a wand of lightning (3/15)
 Q - a wand of iceblast (0/15)
 U - a wand of confusion (8/48)
 W - a wand of iceblast (2/15)
 Y - a wand of confusion (37/48)
Scrolls
 e - a scroll of teleportation
 h - 8 scrolls of recharging
 o - 4 scrolls of identify
 u - a scroll of brand weapon
 x - 3 scrolls of remove curse
 y - a scroll of enchant armour
 B - 2 scrolls of torment
 C - a scroll of fog
 M - a scroll of enchant weapon
 O - a scroll of amnesia
Potions
 f - a potion of brilliance
 g - 2 potions of curing
 n - 6 potions of heal wounds
 q - a potion of cancellation
 t - 2 potions of mutation
 w - a potion of might
 z - 2 potions of flight
 A - 2 potions of resistance
 E - 2 potions of berserk rage
 J - 2 potions of agility
Books
 b - a Young Poisoner's Handbook

   Spells                             Type                      Level
   a - Sting                          Conjuration/Poison           1
   b - Poisonous Vapours              Poison/Air                   2
   c - Mephitic Cloud                 Conjuration/Poison/Air       3
   d - Olgreb's Toxic Radiance        Poison                       4
   e - Venom Bolt                     Conjuration/Poison           5
 s - a book of Maledictions

   Spells                             Type                      Level
   a - Corona                         Hexes                        1
   b - Ensorcelled Hibernation        Hexes/Ice                    2
   c - Confuse                        Hexes                        3
   d - Tukima's Dance                 Hexes                        3
   e - Dazzling Spray                 Conjuration/Hexes            3
Comestibles
 c - 15 bread rations
 k - 27 fruits
 l - 10 meat rations
 S - 12 royal jellies


   Skills:
 - Level 6.5 Fighting
 - Level 9.9 Dodging
 - Level 2.4 Stealth
 + Level 3.2 Shields
 + Level 17.3 Spellcasting
 + Level 14.8 Conjurations
 - Level 3.0 Hexes
 - Level 3.7 Transmutations
 + Level 1.4 Fire Magic
 + Level 6.4 Earth Magic
 - Level 3.1 Evocations


You had 3 spell levels left.
You knew the following spells:

 Your Spells              Type           Power        Failure   Level  Hunger
a - Magic Dart            Conj           ####         0%          1    None
b - Searing Ray           Conj           ######       0%          2    None
c - Dazzling Spray        Conj/Hex       ######       1%          3    None
d - Iskenderun's Mystic   Conj           #######.     1%          4    None
e - Force Lance           Conj/Tloc      ######..     1%          4    None
f - Statue Form           Tmut/Erth      #####....    58%         6    ####...
g - Orb of Destruction    Conj           #######...   1%          7    #####..
h - Iron Shot             Conj/Erth      ######....   2%          6    ####...
i - Bolt of Magma         Conj/Fire/Erth ######....   1%          5    None
j - Iskenderun's Battles  Conj/Chrm      ######..     1%          5    None


Dungeon Overview and Level Annotations

Branches:
Dungeon (10/15)            Temple (1/1) D:7            Lair (5/6) D:8
 Shoals (0/4) Lair:3       Spider (0/4) Lair:4          Orc (2/2) D:10
    Elf (0/3) Orc:2
  Slime: Lair:5-6

Altars:
Ashenzari
Cheibriados
Dithmenos
Elyvilon
Fedhas
Gozag
Hepliaklqana
Kikubaaqudgha
Makhleb
Nemelex Xobeh
Okawaru
Qazlal
Ru
Sif Muna
Trog
Uskayaw
Vehumet
Xom
Yredelemnul
Zin
The Shining One

Annotations:
Lair:1 exclusions: oklob plant and 2 more exclusions
Lair:4 exclusions: electric eel and 1 more exclusion


Message History

The centaur shoots an arrow.
The arrow misses you.
You see here an arrow.
The orc warrior shoots a bolt.
The bolt hits you!
You see here a bolt.
The centaur shoots an arrow.
You block the arrow.
The centaur shoots an arrow.
The arrow hits you!
* * * LOW HITPOINT WARNING * * *
You see here an arrow.
Casting: Iskenderun's Mystic Blast
Confirm with . or Enter, or press ? or * to list all spells.
Aiming: Iskenderun's Mystic Blast
Press: ? - help, Shift-Dir - straight line, f/p - centaur
Aim: a centaur, wielding a shortbow (moderately wounded)
The orb of energy hits the centaur.
The centaur is almost dead.
The centaur shoots an arrow.
The arrow hits you!
* * * LOW HITPOINT WARNING * * *
The centaur shoots an arrow.
The arrow closely misses you.
The orc warrior shoots a bolt.
The bolt hits you!!
You die...

#..........(#((....)##..##..#
#.......#....(......##........
###...........(.....)#.........
#.##........>........)........≈
...#.#.........((....#......≈≈≈
...............)(....#.....≈≈≈≈##
.....................)...........
..............)#.......o.....o...
.............).)@....#...o.≈≈≈≈##
.......).............#......≈≈≈≈#
..............................≈≈≈
...................(.#..........≈
.....................##...(.(.(.(
......................##..##.c##(
......................(c(..(.....
.................................
.................................


You could see an orc warrior and a centaur.

Vanquished Creatures
  Gastronok (D:8)
  Harold (D:10)
  2 hydras
  Erolcha (D:9)
  A centaur warrior (Orc:2)
  An ogre mage (D:10)
  A two-headed ogre (D:10)
  Urug (Lair:3)
  Sonja (Lair:2)
  Pikel (D:8)
  5 orc knights
  2 ugly things (D:10)
  A necromancer (IceCv)
  2 orc sorcerers
  4 elephants
  An ice statue (IceCv)
  2 black mambas
  A merfolk siren (Lair:3)
  Joseph (D:7)
  7 spiny frogs
  The ghost of Zdeegee the Shield-Bearer, a novice FoFi (D:5)
  2 rime drakes
  A kobold demonologist (Bailey)
  4 komodo dragons
  6 ice devils (IceCv)
  A queen bee (D:10)
  The ghost of zag the Sneak, an amateur NaIE (D:4)
  2 jumping spiders (Lair:4)
  2 hornets
  4 trolls
  7 blink frogs
  Prince Ribbit (D:5)
  9 hippogriffs
  2 redbacks (Lair:4)
  Grum (D:9)
  A hungry ghost (D:9)
  4 basilisks
  20 yaks
  6 water moccasins
  5 porcupines
  2 sky beasts
  A black bear (D:7)
  A phantom (D:7)
  24 orc warriors
  2 ice beasts
  A necrophage (D:10)
  The ghost of zag the Chiller, an amateur NaIE (D:3)
  4 ogres
  13 wolves
  11 centaurs
  12 crocodiles
  A big kobold (D:6)
  16 bullfrogs
  A wyvern zombie (D:9)
  A gnoll sergeant (D:6)
  3 scorpions
  A water moccasin skeleton (D:5)
  19 killer bees (D:10)
  5 howler monkeys
  15 wights
  5 electric eels
  5 crimson imps
  3 bullfrog zombies
  3 draconian simulacra (IceCv)
  9 orc priests
  2 bullfrog skeletons
  A centaur skeleton (D:9)
  7 hounds
  An iguana (D:9)
  15 orc wizards
  5 worker ants
  2 troll simulacra (IceCv)
  A killer bee zombie (D:7)
  2 spriggan simulacra (IceCv)
  A centaur simulacrum (IceCv)
  3 hound skeletons
  A howler monkey skeleton (D:9)
  A worker ant zombie (D:9)
  8 gnolls
  13 adders
  2 naga simulacra (IceCv)
  12 white imps (Orc:1)
  3 oozes
  2 adder zombies
  A worm (D:4)
  5 dart slugs
  5 leopard geckos
  50 orcs
  2 ball pythons
  9 giant cockroaches
  26 goblins
  14 hobgoblins
  4 quokkas
  7 bats
  5 frilled lizards
  3 jackal skeletons
  18 kobolds
  2 quokka skeletons
  9 rats
518 creatures vanquished.

Vanquished Creatures (others)
  A slave (D:8)
  An adder (D:8)
  2 orcs (Orc:1)
  A bush (D:8)
  8 fungi
  19 plants
32 creatures vanquished.

Grand Total: 550 creatures vanquished

Notes
Turn   | Place    | Note
-------+----------+-------------------------------------------
     0 | D:1      | witty the Deep Elf Conjurer began the quest for the Orb.
     0 | D:1      | Reached XP level 1. HP: 10/10 MP: 6/6
   376 | D:1      | Reached XP level 2. HP: 15/15 MP: 6/8
   733 | D:1      | Reached skill level 4 in Spellcasting
   935 | D:1      | Reached XP level 3. HP: 19/19 MP: 5/10
   977 | D:1      | Learned a level 2 spell: Searing Ray
   985 | D:1      | Learned a level 3 spell: Dazzling Spray
  1019 | D:1      | Reached skill level 5 in Conjurations
  1773 | D:2      | Reached XP level 4. HP: 24/24 MP: 10/12
  2012 | D:2      | Found a faded altar of an unknown god.
  2012 | D:2      | Found a burning altar of Makhleb.
  2019 | D:2      | Found a glowing silver altar of Zin.
  2025 | D:2      | Found a faded altar of an unknown god.
  2027 | D:2      | Found a blossoming altar of Fedhas.
  2189 | D:3      | Found an opulent altar of Gozag.
  2195 | D:3      | Reached skill level 5 in Spellcasting
  2264 | D:3      | Learned a level 4 spell: Iskenderun's Mystic Blast
  2603 | D:3      | Noticed zag's ghost (amateur NaIE)
  2648 | D:3      | Killed zag's ghost
  2648 | D:3      | Reached XP level 5. HP: 28/28 MP: 5/15
  2870 | D:3      | Reached skill level 6 in Spellcasting
  3091 | D:3      | Reached XP level 6. HP: 32/32 MP: 9/17
  3406 | D:4      | Noticed zag's ghost (amateur NaIE)
  3647 | D:4      | Noticed an orc warrior
  4229 | D:4      | Found a shadowy altar of Dithmenos.
  4238 | D:4      | Reached skill level 7 in Spellcasting
  4447 | D:4      | Killed an orc warrior
  4590 | D:4      | Reached XP level 7. HP: 36/36 MP: 13/20
  4845 | D:5      | Entered Level 5 of the Dungeon
  4972 | D:5      | Noticed Prince Ribbit
  4980 | D:5      | Killed Prince Ribbit
  4980 | D:5      | Reached skill level 8 in Spellcasting
  5330 | D:5      | Found a shattered altar of Ashenzari.
  5407 | D:5      | Identified a scroll of acquirement
  5428 | D:5      | Noticed Zdeegee's ghost (novice FoFi)
  5526 | D:4      | Killed zag's ghost
  5526 | D:4      | Reached skill level 9 in Spellcasting
  5526 | D:4      | Reached XP level 8. HP: 36/41 MP: 6/23
  5862 | D:5      | Reached skill level 10 in Spellcasting
  6144 | D:5      | Found an ancient bone altar of Kikubaaqudgha.
  6145 | D:5      | Found a deep blue altar of Sif Muna.
  6147 | D:5      | Found a radiant altar of Vehumet.
  6154 | D:5      | Became a worshipper of Vehumet
  6163 | D:5      | Identified Kikubaaqudgha's Grimoire of Dark Magic
  6198 | D:5      | Noticed a hippogriff
  6202 | D:5      | Killed a hippogriff
  6567 | D:5      | Reached skill level 11 in Spellcasting
  6567 | D:5      | Reached skill level 10 in Conjurations
  6605 | D:5      | Killed Zdeegee's ghost
  6605 | D:5      | Reached XP level 9. HP: 45/45 MP: 11/26
  6916 | D:6      | Reached * piety under Vehumet
  6916 | D:6      | Offered knowledge of Shock by Vehumet.
  7064 | D:6      | Reached skill level 12 in Spellcasting
  8064 | D:6      | Found a shattered altar of Ashenzari.
  8177 | D:7      | Found a staircase to the Ecumenical Temple.
  8197 | Temple   | Entered the Ecumenical Temple
  8668 | D:7      | Noticed Joseph
  8691 | D:7      | Killed Joseph
  8691 | D:7      | Reached skill level 13 in Spellcasting
  8691 | D:7      | Reached XP level 10. HP: 50/50 MP: 0/29
  8815 | D:7      | Offered knowledge of Freeze by Vehumet.
  8990 | D:7      | Reached ** piety under Vehumet
  9552 | D:8      | Noticed Gastronok
 10041 | D:8      | Found a staircase to the Lair.
 10366 | D:8      | Reached skill level 1 in Fighting
 10516 | D:8      | Noticed Pikel
 10710 | D:8      | Offered knowledge of Throw Flame by Vehumet.
 10969 | D:8      | Killed Pikel
 11592 | D:8      | Killed Gastronok
 11592 | D:8      | Reached skill level 5 in Dodging
 11592 | D:8      | Reached skill level 14 in Spellcasting
 11592 | D:8      | Reached XP level 11. HP: 60/60 MP: 3/31
 11769 | Lair:1   | Entered Level 1 of the Lair of Beasts
 12311 | Lair:1   | Reached *** piety under Vehumet
 12681 | Lair:1   | Noticed an oklob plant
 13080 | Lair:2   | Noticed Sonja
 13523 | Lair:2   | Noticed a five-headed hydra
 13543 | Lair:2   | Killed a five-headed hydra
 13755 | Lair:2   | Killed Sonja
 13755 | Lair:2   | Reached skill level 5 in Fighting
 13755 | Lair:2   | Reached skill level 15 in Spellcasting
 14114 | Lair:2   | Reached skill level 1 in Hexes
 14215 | Lair:3   | Noticed Urug
 14222 | Lair:3   | Found a staircase to the Shoals.
 14810 | Lair:3   | Killed Urug
 14810 | Lair:3   | Reached XP level 12. HP: 19/68 MP: 17/33
 15371 | Lair:3   | Offered knowledge of Inner Flame by Vehumet.
 15754 | Lair:3   | Learned a level 4 spell: Force Lance
 15761 | Lair:3   | Learned a level 6 spell: Statue Form
 16714 | Lair:4   | Found a hole to the Spider Nest.
 17012 | Lair:4   | Got a transparent hand axe
 17015 | Lair:4   | Identified the cursed +0 hand axe "Gicak" {drain, *Drain Str+6} (You found it on level 4 of the Lair of Beasts)
 17206 | Lair:4   | Reached skill level 1 in Evocations
 17340 | Lair:4   | Noticed a six-headed hydra
 17345 | Lair:4   | Killed a six-headed hydra
 17563 | Lair:4   | Reached **** piety under Vehumet
 17697 | Lair:4   | Offered knowledge of Olgreb's Toxic Radiance by Vehumet.
 18618 | Lair:5   | Reached skill level 16 in Spellcasting
 18642 | Lair:5   | Reached skill level 1 in Earth Magic
 19116 | D:9      | Noticed Erolcha
 19119 | D:9      | Killed Erolcha
 19208 | D:9      | Found a glowing silver altar of Zin.
 19617 | D:9      | Noticed Grum
 19652 | D:9      | Killed Grum
 19652 | D:9      | Reached XP level 13. HP: 75/75 MP: 15/35
 20083 | D:10     | Entered Level 10 of the Dungeon
 20397 | D:10     | Reached ***** piety under Vehumet
 20397 | D:10     | Offered knowledge of Poison Arrow by Vehumet.
 20400 | D:10     | Found a flagged portal.
 20406 | Bailey   | Entered a bailey
 20759 | Bailey   | Found an iron altar of Okawaru.
 21118 | Bailey   | Reached skill level 1 in Transmutations
 22563 | D:10     | Reached skill level 1 in Shields
 22870 | D:10     | Learned a level 7 spell: Orb of Destruction
 22877 | D:10     | Learned a level 6 spell: Iron Shot
 22883 | D:10     | Learned a level 5 spell: Bolt of Magma
 22897 | D:10     | Learned a level 5 spell: Iskenderun's Battlesphere
 22986 | D:10     | Found a staircase to the Orcish Mines.
 23216 | Orc:1    | Entered Level 1 of the Orcish Mines
 23216 | Orc:1    | Noticed Harold
 23252 | D:10     | Killed Harold
 23252 | D:10     | Reached skill level 5 in Earth Magic
 23463 | Orc:2    | Entered Level 2 of the Orcish Mines
 23475 | Orc:1    | Found a frozen archway.
 23495 | IceCv    | Entered an ice cave
 23634 | IceCv    | Noticed SlowGraham's ghost (adept HOFi)
 23718 | IceCv    | Offered knowledge of Ozocubu's Refrigeration by Vehumet.
 23937 | IceCv    | Got a translucent ring mail
 23940 | IceCv    | Got a faintly glowing rapier
 23948 | IceCv    | Identified the +1 ring mail of Isudghem {rC- MR+++ Str+3 SInv} (You found it in an ice cave)
 23949 | IceCv    | Identified the +6 rapier "Embalmer" {freeze, rElec Dex+3} (You found it in an ice cave)
 24319 | IceCv    | Reached skill level 17 in Spellcasting
 25661 | Orc:2    | Found a staircase to the Elven Halls.
 26400 | Orc:2    | Reached skill level 1 in Fire Magic
 26650 | Orc:2    | Shot with a bolt by an orc warrior

Skill      XL: |  1  2  3  4  5  6  7  8  9 10 11 12 13 |
---------------+----------------------------------------+-----
Spellcasting   | 4 5 6 7 9 11 13 14 15 16 17 | 17.3
Conjurations   | 5 6 7 8 10 11 12 13 14 | 14.8
Fighting       | 3 5 6 |  6.5
Dodging        | 5 8 9 |  9.9
Hexes          | 2 3 |  3.0
Evocations     | 2 3 |  3.1
Earth Magic    | 2 6 |  6.4
Transmutations | 3 |  3.7
Shields        | 3 |  3.2
Fire Magic     | 1 |  1.4
Stealth        | |  2.4

Action                   |  1- 3 |  4- 6 |  7- 9 | 10-12 | 13-15 || total
-------------------------+-------+-------+-------+-------+-------++-------
Melee: Mace              |       |     3 |     1 |       |       ||     4
       Staff             |       |       |    12 |     9 |       ||    21
       Whip              |       |       |       |     6 |       ||     6
       Trident           |       |       |       |       |    35 ||    35
 Cast: Magic Dart        |    81 |   108 |    44 |    21 |   104 ||   358
       Searing Ray       |       |     7 |    11 |       |       ||    18
       Dazzling Spray    |       |    10 |     2 |     1 |    10 ||    23
       Iskenderun's Myst |       |     8 |    86 |   365 |   165 ||   624
       Force Lance       |       |       |       |    23 |    59 ||    82
       Iron Shot         |       |       |       |       |    39 ||    39
       Iskenderun's Batt |       |       |       |       |    11 ||    11
       Orb of Destructio |       |       |       |       |     6 ||     6
       Bolt of Magma     |       |       |       |       |     5 ||     5
Evoke: Wand              |       |       |       |       |    20 ||    20
  Use: Scroll            |       |    10 |     5 |    14 |    21 ||    50
       Potion            |       |       |     2 |     7 |    10 ||    19
  Eat: Chunk             |     2 |    10 |    10 |    21 |    15 ||    58
       Royal jelly       |       |       |     2 |     1 |       ||     3
       Meat ration       |       |       |       |     2 |     3 ||     5
Armor: Robe              |     1 |     4 |    11 |       |       ||    16
       Skin              |       |       |    17 |     3 |       ||    20
       Leather armour    |       |       |       |    20 |    31 ||    51
Dodge: Dodged            |     8 |    21 |    24 |    71 |   151 ||   275
Block: Buckler           |       |       |       |       |    55 ||    55
